Map: Dusk Towers

Players

LiquidSnute (Snute)

  • Race: Zerg Zerg
  • League: Grandmaster

Kelazhur - Winner!

  • Race: Terran Terran
  • League: Master

Event: DreamHack ZOWIE Open Leipzig

VOD

Have the link to the VOD?

Description

Time

  • Played on: Jan. 22, 2016, 11:24 a.m.
  • Length: 6:23

All games in this series

Show
View Real Time Build Order
Export as new Build Order

LiquidSnute Zerg 

Build Orders: Hatch First, Ravager All-In 

Get SALT Encoding   

  12  0:00  Drone  
  13  0:12  Overlord  
  13  0:17  Drone  
  14  0:30  Drone x2  
  14  0:34  Drone  
  17  0:51  Drone  
  18  0:59  Hatchery  
  18  1:00  Drone  
  18  1:12  Spawning Pool  
  18  1:14  Extractor  
  18  1:17  Drone  
  17  1:19  Drone  
  18  1:28  Drone  
  19  1:38  Drone  
  20  1:49  Overlord  
  20  1:58  Queen  
  20  1:59  Roach Warren  
  20  2:01  Drone  
  22  2:02  Extractor  
  21  2:11  Queen, Zergling x2  
  24  2:21  Drone  
  25  2:35  Drone  
  26  2:41  Roach x3  
  30  2:44  Overlord  
  30  2:53  Roach  
  32  3:01  Ravager x2  
  32  3:04  Ravager  
  35  3:05  Queen  
  37  3:21  Ravager  
  38  3:30  Roach x2  
  42  3:42  Overlord  
  42  3:51  Overlord  
  42  3:52  Ravager  
  43  4:08  Ravager  
  43  4:09  Roach x3  
  50  4:11  Drone x2  
  50  4:12  Drone  
  53  4:27  Roach x3  
  53  4:29  Overlord  
  56  4:44  Overlord x2  
  56  4:59  Ravager x2  
  58  5:01  Overlord, Roach  
  58  5:06  Roach  
  62  5:27  Ravager x2  
  64  5:30  Drone x4, Queen  
  67  5:47  Extractor  
  60  6:02  Hatchery  
  49  6:05  Ravager  
  52  6:14  Ravager  
Show
View Real Time Build Order
Export as new Build Order

Kelazhur Terran - Winner!

Build Orders:  

Get SALT Encoding   

  12  0:01  SCV  
  13  0:13  SCV  
  14  0:17  Supply Depot  
  14  0:25  SCV  
  15  0:38  SCV  
  15  0:40  Barracks  
  16  0:43  Refinery  
  16  0:51  SCV  
  17  1:03  SCV  
  18  1:15  SCV  
  19  1:27  Orbital Command  
  19  1:28  Reaper  
  20  1:38  Refinery  
  20  1:43  Supply Depot  
  20  1:53  SCV  
  21  2:00  Marine  
  22  2:05  SCV  
  22  2:07  Factory  
  23  2:12  Bunker  
  23  2:17  SCV  
  23  2:19  Barracks Reactor  
  24  2:29  SCV  
  25  2:33  Barracks  
  25  2:41  SCV  
  26  2:46  Bunker  
  26  2:51  Factory Tech Lab, Starport  
  26  2:53  Supply Depot, SCV  
  26  2:55  Marine x2  
  29  3:06  SCV  
  30  3:15  Siege Tank  
  30  3:17  Supply Depot  
  30  3:18  SCV  
  34  3:32  Supply Depot  
  34  3:52  Supply Depot  
  34  3:53  Medivac, Marine x2  
  34  3:54  SCV  
  39  4:06  SCV  
  38  4:11  Marine  
  38  4:14  Marine  
  38  4:15  Siege Tank  
  43  4:18  Supply Depot, SCV  
  44  4:28  Marine  
  44  4:30  SCV  
  46  4:41  Liberator  
  46  4:42  SCV  
  46  4:47  Siege Tank  
  48  4:54  SCV  
  48  4:58  Supply Depot  
  52  5:04  Marine  
  52  5:06  SCV  
  54  5:18  SCV  
  55  5:26  Command Center  
  55  5:28  Marine  
  55  5:32  Barracks Tech Lab  
  55  5:33  SCV  
  56  5:45  SCV  
  56  5:49  Siege Tank  
  60  5:50  Marine  
  62  6:18  Supply Depot  

Tags
 
Add a new tag
Caveats
  • Supply blocks, unpowered buildings, or Contaminate may cause inaccurate times.
  • Supply counts are checked every 10 seconds.